Map: Backwater LE

Players

Solar

  • Race: Zerg Zerg
  • League: Master
  • Spawn Location: 5:00

TYTY (TY) - Winner!

  • Race: Terran Terran
  • League: Master
  • Spawn Location: 11:00

Event: Memes & Dreams Invitational

VOD

https://www.youtube.com/watch?v=tuXZInqZvfQ

Description

Time

  • Played on: April 15, 2018, 7:14 a.m.
  • Length: 18:26

All games in this series

Show
View Real Time Build Order
Export as new Build Order

Solar Zerg 

Build Orders: Hatch First 

Get SALT Encoding   

  12  0:01  Drone  
  13  0:13  Overlord  
  13  0:16  Drone  
  14  0:31  Drone x2  
  14  0:34  Drone  
  17  0:52  Hatchery  
  17  0:55  Drone  
  17  0:58  Drone  
  18  1:10  Spawning Pool  
  17  1:14  Drone  
  17  1:18  Drone  
  19  1:37  Hatchery  
  18  1:44  Drone, Extractor  
  18  1:46  Drone  
  19  1:59  Queen  
  21  2:02  Zergling x2  
  21  2:06  Queen  
  24  2:09  Zergling x2  
  24  2:15  Overlord  
  25  2:22  Drone  
  26  2:24  Drone  
  26  2:26  Drone  
  28  2:35  Drone x2  
  28  2:36  Drone  
  31  2:46  Metabolic Boost  
  31  2:52  Queen  
  31  2:54  Drone  
  31  2:57  Drone  
  35  3:00  Drone  
  35  3:01  Drone  
  35  3:04  Drone  
  38  3:10  Overlord  
  38  3:14  Queen  
  38  3:17  Drone  
  38  3:18  Drone  
  42  3:30  Drone x2  
  42  3:31  Zergling x6  
  42  3:34  Queen  
  47  3:36  Overlord  
  47  3:40  Zergling x2  
  49  3:44  Overlord  
  49  3:46  Overlord  
  48  3:53  Drone x2  
  48  3:54  Drone x2  
  49  3:56  Drone  
  49  3:59  Drone  
  51  4:03  Drone  
  51  4:04  Drone x2  
  51  4:07  Drone  
  51  4:09  Drone  
  56  4:14  Roach Warren  
  56  4:16  Evolution Chamber  
  54  4:17  Extractor  
  54  4:20  Extractor  
  54  4:22  Overlord  
  54  4:23  Overlord  
  52  4:26  Overlord  
  52  4:29  Zergling x2  
  52  4:31  Zergling x2  
  52  4:33  Overlord  
  53  4:55  Roach x9  
  53  4:57  Roach  
  73  5:02  Roach  
  73  5:03  Roach  
  77  5:09  Zergling x2  
  77  5:10  Zergling x6  
  77  5:14  Spore Crawler  
  80  5:19  Overlord  
  81  5:21  Ravager x2  
  81  5:23  Zergling x6  
  85  5:29  Overlord  
  85  5:30  Ravager  
  85  5:31  Drone x2  
  88  5:36  Drone x2  
  88  5:37  Drone  
  88  5:39  Drone  
  88  5:40  Drone  
  92  5:46  Zerg Ground Armor Level 1  
  92  5:47  Drone  
  92  5:49  Drone  
  94  5:53  Drone  
  94  5:56  Drone x2  
  97  5:57  Drone  
  97  5:59  Drone x2  
  97  6:01  Drone  
  97  6:02  Drone  
  97  6:03  Drone  
  97  6:06  Drone  
  97  6:07  Drone  
  97  6:08  Drone  
  97  6:10  Drone  
  94  6:11  Drone  
  94  6:17  Drone x2, Queen  
  95  6:18  Drone  
  95  6:20  Drone  
  95  6:21  Drone  
  95  6:25  Queen  
  93  6:28  Drone  
  93  6:29  Drone  
  93  6:32  Drone  
  92  6:34  Queen  
  88  6:43  Spore Crawler  
  88  6:44  Spore Crawler  
  88  6:46  Spore Crawler  
  79  6:52  Drone x2  
  79  6:53  Lair  
  81  6:54  Extractor, Zergling x2  
  81  6:55  Zergling x6  
  81  6:59  Spore Crawler  
  81  7:00  Queen, Zergling x4  
  87  7:03  Spore Crawler  
  87  7:08  Zergling x2  
  87  7:10  Zergling x4  
  87  7:13  Zergling x6  
  87  7:14  Zergling x4  
  95  7:17  Spore Crawler, Zergling x6  
  96  7:24  Drone x2  
  96  7:25  Drone  
  98  7:34  Drone x2  
  98  7:35  Drone, Spore Crawler  
  98  7:36  Extractor  
  97  7:37  Extractor  
  97  7:38  Drone  
  97  7:39  Drone x2  
  97  7:42  Drone  
  97  7:43  Drone  
  99  7:45  Drone  
  99  7:46  Drone x2  
  99  7:48  Drone x2  
  99  7:49  Drone x2  
  99  7:50  Queen  
  106  7:53  Overseer, Hydralisk Den  
  106  7:54  Queen  
  106  7:57  Overlord  
  106  8:11  Pneumatized Carapace  
  106  8:15  Hatchery  
  106  8:19  Hydralisk Den, Infestation Pit  
  100  8:20  Drone  
  100  8:23  Grooved Spines  
  100  8:25  Hydralisk  
  100  8:26  Hydralisk x9  
  121  8:34  Glial Reconstitution  
  121  8:38  Overlord x3  
  121  8:39  Overlord  
  121  8:42  Overlord  
  121  8:43  Extractor  
  121  8:44  Zerg Missile Weapons Level 1  
  121  8:46  Overlord  
  121  8:48  Muscular Augments  
  120  8:51  Extractor  
  119  8:56  Drone x3  
  119  8:57  Hydralisk x2  
  119  9:01  Overseer  
  125  9:03  Hydralisk x2  
  125  9:06  Hydralisk  
  125  9:08  Hydralisk  
  125  9:09  Overseer  
  133  9:21  Hive  
  133  9:23  Spire  
  132  9:25  Drone x2  
  132  9:27  Queen  
  132  9:28  Drone  
  132  9:29  Drone  
  138  9:33  Drone  
  139  9:42  Hatchery  
  139  9:45  Roach x4  
  146  9:47  Overlord  
  146  9:50  Roach  
  146  9:51  Roach  
  150  9:56  Drone x3  
  150  9:57  Overlord  
  152  10:03  Roach x3  
  152  10:07  Hydralisk x3  
  157  10:09  Overlord  
  157  10:11  Overlord  
  162  10:15  Drone x3  
  162  10:18  Overlord  
  165  10:22  Hydralisk x2, Overlord  
  165  10:26  Overlord  
  165  10:27  Hydralisk x2  
  173  10:36  Viper x4  
  173  10:42  Viper  
  181  10:44  Hydralisk  
  181  10:45  Hydralisk x3  
  191  10:52  Roach x3  
  191  10:53  Roach x2  
  177  10:58  Hydralisk x3  
  177  11:00  Hydralisk  
  177  11:03  Hydralisk  
  159  11:04  Hydralisk  
  159  11:07  Hydralisk x2  
  161  11:14  Drone x3, Greater Spire  
  161  11:15  Extractor  
  161  11:16  Hydralisk x2  
  161  11:17  Extractor  
  166  11:21  Evolution Chamber  
  165  11:26  Hydralisk x3, Evolution Chamber  
  165  11:31  Overseer  
  170  11:33  Hydralisk, Overseer  
  170  11:38  Spine Crawler  
  171  11:40  Hydralisk  
  171  11:42  Spine Crawler  
  171  11:44  Hydralisk x2  
  175  11:54  Spore Crawler, Hydralisk x3  
  180  12:03  Hydralisk  
  180  12:06  Hydralisk x3  
  180  12:07  Hydralisk x2  
  192  12:10  Roach x2  
  194  12:16  Roach x2  
  194  12:21  Roach  
  200  12:26  Overlord x2  
  200  12:28  Overlord  
  200  12:29  Overlord  
  200  12:31  Overlord  
  200  12:35  Overlord  
  200  12:41  Overlord  
  200  12:43  Overlord  
  199  12:47  Overlord  
  192  12:53  Hydralisk x9  
  192  12:57  Roach x3  
  193  12:59  Roach  
  193  13:00  Roach  
  193  13:02  Roach  
  193  13:04  Hydralisk  
  168  13:06  Hydralisk  
  168  13:09  Hydralisk  
  156  13:15  Viper x2  
  158  13:25  Hatchery  
  157  13:27  Zerg Flyer Weapons Level 1  
  157  13:28  Corruptor  
  157  13:29  Viper  
  162  13:34  Corruptor x2  
  166  13:41  Corruptor  
  166  13:42  Corruptor  
  170  13:50  Corruptor  
  170  13:54  Roach x3  
  178  13:58  Drone  
  178  13:59  Drone x5  
  173  14:03  Drone x3  
  172  14:15  Brood Lord x2  
  176  14:17  Brood Lord  
  178  14:26  Brood Lord  
  178  14:29  Brood Lord  
  182  14:33  Brood Lord  
  184  14:41  Hydralisk x2, Spine Crawler  
  187  14:52  Hydralisk x5  
  186  15:04  Drone x8  
  184  15:12  Hydralisk x2  
  182  15:16  Hydralisk  
  170  15:30  Corruptor x2  
  168  15:35  Drone  
  168  15:36  Drone x2  
  171  15:48  Drone x5  
  176  15:51  Drone x2  
  172  15:58  Drone x2  
  172  16:01  Corruptor  
  175  16:05  Drone  
  175  16:07  Drone  
  175  16:08  Drone  
  178  16:12  Drone  
  178  16:13  Drone  
  178  16:32  Brood Lord x3  
  184  16:37  Corruptor  
  186  16:40  Spine Crawler  
  186  16:43  Overseer  
  186  16:44  Spine Crawler  
  184  16:47  Hydralisk x2  
  188  16:54  Drone x2  
  188  16:57  Viper  
  188  16:58  Viper  
  196  17:02  Viper  
  196  17:03  Drone  
  200  17:15  Brood Lord  
  200  17:18  Hatchery  
  199  17:38  Overseer x2  
  165  17:46  Corruptor x5  
  165  17:47  Corruptor  
  171  17:56  Hydralisk x4  
  166  18:06  Roach x3  
Show
View Real Time Build Order
Export as new Build Order

TYTY Terran - Winner!

Build Orders: Reaper Expand, Hellion Banshee 

Get SALT Encoding   

  12  0:00  SCV  
  13  0:12  SCV  
  14  0:16  Supply Depot  
  14  0:25  SCV  
  15  0:38  SCV  
  15  0:40  Barracks  
  16  0:42  Refinery  
  16  0:50  SCV  
  17  1:02  SCV  
  18  1:14  SCV  
  19  1:28  Reaper, Orbital Command  
  20  1:38  Command Center  
  20  1:47  Supply Depot  
  20  1:54  SCV  
  21  1:59  Marine  
  22  2:03  Factory  
  22  2:09  SCV  
  23  2:16  Refinery  
  23  2:20  Barracks Reactor  
  23  2:21  SCV  
  24  2:33  SCV  
  25  2:45  SCV  
  25  2:50  Orbital Command  
  26  2:53  Starport  
  26  2:57  SCV  
  27  2:59  Hellion  
  27  3:02  Barracks Tech Lab  
  27  3:03  Hellion  
  31  3:09  SCV  
  32  3:16  SCV  
  33  3:21  Hellion, SCV  
  33  3:24  Hellion  
  38  3:28  SCV  
  38  3:29  Viking  
  38  3:34  SCV  
  42  3:35  Supply Depot  
  42  3:41  SCV  
  43  3:46  Hellion, SCV  
  46  3:55  SCV  
  46  3:57  Hellion  
  46  3:58  SCV  
  47  4:07  SCV  
  46  4:10  Command Center, SCV  
  46  4:13  Supply Depot  
  46  4:16  Hyperflight Rotors  
  47  4:20  Banshee  
  47  4:22  SCV  
  52  4:24  SCV  
  52  4:33  Supply Depot  
  52  4:34  SCV  
  52  4:36  SCV  
  52  4:38  Starport, Barracks Tech Lab  
  54  4:41  Refinery  
  54  4:43  Refinery  
  54  4:47  SCV  
  54  4:49  SCV  
  56  4:58  Hellion x2  
  56  4:59  SCV  
  61  5:01  SCV  
  61  5:03  Banshee  
  65  5:13  Supply Depot, SCV x2  
  67  5:14  Supply Depot  
  67  5:20  Banshee  
  70  5:22  Orbital Command  
  70  5:25  SCV  
  70  5:27  SCV  
  76  5:31  Armory  
  72  5:36  Cloaking Field  
  72  5:37  SCV  
  72  5:39  Hellion x2, SCV  
  78  5:46  Banshee  
  78  5:48  SCV  
  78  5:49  SCV  
  83  5:51  SCV  
  84  6:00  Hellion x2  
  84  6:01  SCV  
  84  6:02  SCV  
  84  6:03  Banshee  
  91  6:05  Supply Depot  
  86  6:11  SCV  
  86  6:13  SCV  
  82  6:23  SCV  
  74  6:29  Banshee  
  75  6:34  SCV x2  
  75  6:39  Hellion x2  
  71  6:48  SCV x2  
  71  6:49  SCV  
  74  6:55  Supply Depot  
  74  6:58  Armory  
  74  7:00  SCV x2  
  76  7:04  Command Center  
  79  7:12  SCV x2  
  81  7:19  Hellion x2  
  81  7:20  SCV  
  81  7:21  Supply Depot  
  89  7:24  SCV  
  90  7:34  SCV x2  
  90  7:36  SCV, Terran Vehicle Weapons Level 1  
  93  7:43  Raven x2  
  91  7:47  SCV x2, Terran Vehicle And Ship Armor Level 1  
  91  7:48  SCV  
  94  7:53  Hellion  
  96  7:58  Supply Depot, Refinery  
  96  7:59  SCV x2, Refinery  
  96  8:00  Supply Depot, SCV  
  96  8:01  Factory  
  96  8:02  Factory  
  96  8:04  Hellion  
  96  8:05  Barracks Reactor  
  101  8:06  Barracks Tech Lab  
  101  8:10  Command Center  
  101  8:11  SCV x2  
  103  8:14  Hellion  
  105  8:26  SCV  
  110  8:33  SCV x2  
  108  8:39  Hellion, Factory  
  108  8:40  Hellion, Factory  
  112  8:42  Starport Tech Lab  
  112  8:43  Starport Reactor  
  112  8:46  SCV x2  
  114  8:48  Orbital Command  
  114  8:52  SCV  
  114  8:54  Thor x2  
  127  8:58  SCV x2, Refinery  
  127  9:01  Refinery  
  133  9:03  Hellion x2  
  133  9:04  SCV, Engineering Bay  
  133  9:08  Raven  
  136  9:10  SCV x2  
  136  9:15  SCV  
  136  9:16  SCV  
  140  9:18  Supply Depot  
  140  9:19  Supply Depot  
  140  9:22  SCV  
  140  9:23  SCV  
  146  9:24  Hellion x2  
  146  9:26  Factory Tech Lab x2  
  148  9:33  Factory x2  
  148  9:35  SCV, Viking  
  148  9:36  Viking  
  148  9:37  Siege Tank x2  
  157  9:41  SCV x2  
  157  9:44  SCV  
  157  9:47  SCV  
  157  9:48  Hellion  
  157  9:49  Hellion  
  157  9:51  Missile Turret, Viking  
  167  9:58  SCV x2  
  169  10:00  Missile Turret, Engineering Bay  
  169  10:08  SCV  
  169  10:09  Siege Tank x2, SCV  
  169  10:10  SCV  
  169  10:11  Planetary Fortress  
  178  10:18  Hellion x2, Terran Vehicle And Ship Armor Level 2, Refinery x2, Terran Vehicle Weapons Level 2  
  178  10:19  SCV  
  178  10:21  Factory Reactor, SCV  
  178  10:26  Factory Tech Lab  
  178  10:27  Siege Tank  
  183  10:28  Hellion  
  183  10:30  Viking  
  183  10:32  SCV x2  
  186  10:39  Hellion  
  186  10:41  SCV x2  
  184  10:44  Refinery  
  184  10:46  SCV x2  
  179  10:52  Siege Tank x2  
  177  11:00  Hellion x2  
  177  11:01  Viking x2  
  172  11:04  SCV x3  
  172  11:11  SCV  
  177  11:16  Siege Tank, SCV  
  177  11:18  Hellion x2  
  185  11:22  Hellion  
  187  11:26  Supply Depot  
  187  11:27  Supply Depot  
  187  11:29  Sensor Tower  
  187  11:34  Raven  
  187  11:38  Siege Tank, Viking x2  
  194  11:40  Infernal Pre-Igniter  
  194  11:51  Siege Tank x2  
  197  12:08  Viking x2  
  190  12:15  Siege Tank  
  190  12:16  Siege Tank x2  
  199  12:28  Command Center  
  199  12:36  Terran Vehicle Weapons Level 3, Terran Vehicle And Ship Armor Level 3  
  199  12:38  Starport  
  199  12:39  Starport  
  199  12:40  Starport  
  199  12:48  Siege Tank  
  189  12:55  Siege Tank x2  
  189  12:57  Hellion x2  
  189  12:58  Viking  
  176  13:02  Siege Tank x2  
  176  13:03  Hellion x2  
  152  13:15  Raven  
  152  13:18  Hellion x2  
  152  13:19  Viking  
  148  13:22  Hellion  
  148  13:23  Smart Servos  
  148  13:24  Hellion  
  148  13:26  SCV x2  
  148  13:27  Starport Tech Lab x2  
  154  13:29  Hellion x3  
  154  13:32  Starport Tech Lab  
  160  13:34  Hellion x2  
  160  13:36  Hi-Sec Auto Tracking  
  160  13:37  SCV x2  
  160  13:38  SCV  
  160  13:39  Missile Turret  
  160  13:40  Hellion, SCV  
  170  13:41  Missile Turret  
  170  13:45  Hellion x2  
  183  13:55  Hellion  
  183  13:58  Command Center, Viking x2  
  190  14:03  Raven x2  
  190  14:08  Raven  
  191  14:11  Raven  
  191  14:12  Hellion x2  
  191  14:16  Corvid Reactor  
  182  14:19  Command Center  
  182  14:32  Viking  
  200  14:42  Thor x2  
  196  14:46  Raven  
  196  15:06  Raven  
  200  15:10  Raven  
  194  15:30  Thor  
  194  15:31  Hellion x3  
  194  15:32  Raven  
  194  15:34  Hellion, Siege Tank x4  
  194  15:36  Planetary Fortress  
  194  15:37  Refinery  
  194  15:39  Refinery  
  194  15:40  Raven  
  196  15:53  Hellion x2  
  196  15:55  Terran Ship Weapons Level 1  
  200  15:57  Hellion  
  200  15:59  Raven  
  196  16:08  Raven  
  198  16:15  Raven  
  198  16:18  Missile Turret  
  199  16:20  Command Center  
  195  16:36  Missile Turret  
  195  16:39  Missile Turret  
  193  16:40  Hellion x2  
  193  16:41  Hellion  
  193  16:45  Hellion x2  
  199  16:53  Factory  
  199  16:55  Factory  
  199  17:00  Starport  
  199  17:05  Hellion x6  
  199  17:16  Command Center  
  199  17:17  Command Center  
  199  17:19  Sensor Tower  
  199  17:20  Command Center  
  199  17:23  Command Center  
  183  17:52  Siege Tank x2  
  187  18:15  Factory Tech Lab  
  187  18:16  Factory Tech Lab  
Tags
 
Add a new tag
Caveats
  • Supply blocks, unpowered buildings, or Contaminate may cause inaccurate times.
  • Supply counts are checked every 10 seconds.